[Event "*** Titled Tuesday 3|2 Blitz"]
[Site "Chess.com"]
[Date "2015.10.06"]
[Round "2"]
[White "LyonBeast"]
[Black "pKiLz5Rn9b"]
[Result "1-0"]
[WhiteElo "2704"]
[BlackElo "2399"]
[TimeControl "180+2"]
[EndTime "17:23:00 PDT"]
[Termination "LyonBeast won by resignation"]

1. d4 e6 2. c4 Nf6 3. g3 d5 4. Bg2 Be7 5. Nf3 O-O 6. O-O b6 7. Bf4 Bb7 8. Nbd2 c5 9. dxc5 bxc5 10. Qb3 Qc8 11. Rac1 Nbd7 12. Ne5 Nxe5 13. Bxe5 Rd8 14. Rfd1 Nd7 15. Bf4 Nb6 16. cxd5 exd5 17. Qf3 Qe6 18. Nb3 Rac8 19. Qe3 Nc4 20. Qxe6 fxe6 21. Bh3 Kf7 22. Rd3 g5 23. Bd2 h5 24. Na5 Nxa5 25.
Bxa5 Rd6 26. Bg2 Bf6 27. Bc3 e5 28. Rcd1 Rcd8 29. b3 Ke7 30. Bf3 g4 31. Bg2 e4 32.
Bxf6+ Kxf6 33. Bxe4 Re8 34. Bxd5 Ba6 35. Bc4 Rxd3 36. Bxd3 Bxd3 37. exd3 Re2 38. Rc1 Rxa2 39. Rxc5 Ra3 40. Rxh5 Rxb3 41. Ra5 Rb7 42. Kg2 Rh7 43.
h4 gxh3+ 44. Kh2 Rd7 45. Kxh3 Rd5 46. Rxd5 1-0

[Event "*** Titled Tuesday 3|2 Blitz"]
[Site "Chess.com"]
[Date "2015.10.06"]
[Round "2"]
[White "lorcho"]
[Black "jlandaw"]
[Result "0-1"]
[WhiteElo "2610"]
[BlackElo "2374"]
[TimeControl "180+2"]
[EndTime "17:23:12 PDT"]
[Termination "jlandaw won by resignation"]

1. e4 e5 2. Nf3 Nc6 3. Bb5 a6 4. Bxc6 dxc6 5. O-O Qf6 6. d4 exd4 7. Bg5 Qg6 8. Qxd4 Bd6 9. e5 Be7 10. Qe3 Qxc2 11. Nc3 Qg6 12. Ne2 Bxg5 13. Nxg5 Ne7 14.
Nf3 Nd5 15. Qa3 Bg4 16. Rfe1 Bxf3 17. Qxf3 O-O 18. h4 Rfe8 19. h5 Qg5 20. Ng3 Rxe5 21. Rxe5 Qxe5 22. h6 g6 23. Rd1 Re8 24. b3 Qf4 25.
Qxf4 Nxf4 26. Ne4 Nd5 27. Nc5 b6 28. Nd7 f6 29. g3 Kf7 30. Rc1 Ke6 31. Nxf6 Kxf6 32.
Rxc6+ Re6 33. Rc4 c5 34. a4 Ke5 35. Kg2 Kd6 36. g4 b5 37. axb5 axb5 38. Rc1 Re4 39.
Kg3 c4 40. bxc4 bxc4 41. f3 Rd4 42. Kh4 Kc5 43. Kg5 Rf4 44. Ra1 Rf7 45. f4 Nxf4 46.
Ra5+ Kd4 47. Ra8 c3 48. Rd8+ Nd5 49. Rc8 Rd7 50. Rc6 Kd3 51. Kh4 c2 52. Rxg6 hxg6 0-1

[Event "*** Titled Tuesday 3|2 Blitz"]
[Site "Chess.com"]
[Date "2015.10.06"]
[Round "2"]
[White "ChessFrois"]
[Black "Assasin14"]
[Result "0-1"]
[WhiteElo "1821"]
[BlackElo "1739"]
[TimeControl "180+2"]
[EndTime "17:23:12 PDT"]
[Termination "Assasin14 won by checkmate"]

1. e4 c5 2. Nf3 Nc6 3. d4 cxd4 4. Nxd4 g6 5. Bc4 Bg7 6. Nxc6 bxc6 7. Nc3 d6 8. O-O Nf6 9. e5 dxe5 10. Qxd8+ Kxd8 11. Bxf7 Bf5 12. Bb3 e6 13. Be3 Nd5 14. Rad1 Kc7 15. Bc5 Nxc3 16. bxc3 a5 17. a4 Rhd8 18. h3 h5 19. Rfe1 e4 20. Bd4 Bxd4 21. cxd4 c5 22. dxc5 Kc6 23. Kf1 Kxc5 24. Ke2 Kb4 25. Ke3 Rac8 26.
Rd4+ Rxd4 27. Kxd4 e3 28. Rxe3 Bxc2 29. Rxe6 Bxb3 30.
Rxg6 Rc2 31. Rg5 Bf7 32. Ke3 Kxa4 33. Rf5 Bg6 34. Rf4+ Kb5 35. g4 hxg4 36. hxg4 a4 37.
Rf6 Be8 38. g5 a3 39. Rf8 a2 40. Rxe8 a1=Q 41. g6 Qc3+ 42. Kf4 Rxf2+ 43. Kg5 Qg3+ 44.
Kh6 Qh4+ 45. Kg7 Qf6+ 46. Kh7 Rh2+ 47. Kg8 Rh8# 0-1

[Event "*** Titled Tuesday 3|2 Blitz"]
[Site "Chess.com"]
[Date "2015.10.06"]
[Round "2"]
[White "Canonkasparov"]
[Black "Bab3s"]
[Result "0-1"]
[WhiteElo "2394"]
[BlackElo "2126"]
[TimeControl "180+2"]
[EndTime "17:23:26 PDT"]
[Termination "Bab3s won by checkmate"]

1. d4 Nf6 2. Nf3 e6 3. c3 c5 4.
Bf4 Be7 5. e3 O-O 6. Nbd2 b6 7. a4 Nh5 8. Bg3 Bb7 9. Be2 d6 10.
O-O Nxg3 11. hxg3 Nd7 12. Ne1 e5 13. Bf3 Bxf3 14. Nexf3 exd4 15. cxd4 a6 16. Qb3 Rb8 17. Rfd1 Qc7 18. Rdc1 b5 19. axb5 axb5 20. Ne4 Qb7 21. Qc2 h6 22. Rd1 c4 23. Nc3 Rfc8 24. Nd2 b4 25.
Ne2 d5 26. Nf3 Nf6 27. Ne5 b3 28. Qf5 Ra8 29. Nc3 Rxa1 30. Rxa1 Ra8 31. Rd1 Bb4 32. Ne2 Ra2 33. Rb1 Ne4 34. Nf4 Nd2 35. Rd1 Rxb2 36. Nh5 c3 37. Qg4 g6 38. Nxg6 fxg6 39. Qxg6+ Kf8 40.
Qxh6+ Ke8 41. Nf6+ Kd8 42. Qh8+ Kc7 43. Qg8 c2 44.
Nxd5+ Qxd5 45. Qxd5 cxd1=Q+ 46. Kh2 Nf1+ 47. Kh3 Rc2 48. Qxb3 Qh5# 0-1

[Event "*** Titled Tuesday 3|2 Blitz"]
[Site "Chess.com"]
[Date "2015.10.06"]
[Round "2"]
[White "chess960now"]
[Black "komaromy31"]
[Result "1/2-1/2"]
[WhiteElo "1967"]
[BlackElo "1899"]
[TimeControl "180+2"]
[EndTime "17:23:36 PDT"]
[Termination "Game drawn by agreement"]

1. e4 e6 2. d4 d5 3. e5 c5 4. c3 Nc6 5. Nf3 Qb6 6. Be2 Nh6 7. a3 cxd4 8. cxd4 Nf5 9. Nc3 Nfxd4 10. Be3 Nxf3+ 11. Bxf3 Qxb2 12. Na4 Qxe5 13. O-O Be7 14. Re1 Qf6 15. Rb1 O-O 16. Nc5 b6 17. Nd3 Bb7 18. a4 Rac8 19. Bf4 Nd4 20. Bg4 Nf5 21.
Ne5 Nh6 22. Bg3 Nxg4 23. Qxg4 Rfd8 24. a5 Rc2 25. axb6 axb6 26. Rxb6 Ba8 27. Rbb1 d4 28. Rbd1 h6 29. Nd3 Rc3 30. Be5 Qg6 31. Qxg6 fxg6 32. Bg3 Bd5 33. f3 Bf6 34. Ne5 Bxe5 35. Bxe5 Rc4 36. Rxd4 Rxd4 37. Bxd4 Bxf3 38. gxf3 Rxd4 39.
Rxe6 Rd2 40. Rxg6 Kf7 41. Rg4 Kf6 42. Rg2 Rd3 43. Kf2 g5 44. Kg3 Kf5 45. Re2 h5 46. h3 h4+ 47. Kg2 Ra3 48. Rb2 Kf4 49.
Rb4+ Kf5 50. Rc4 Ra2+ 51. Kg1 Re2 52. Ra4 Rd2 53. Rb4 Rd1+ 54. Kg2 Rc1 55. Ra4 Rc2+ 56. Kg1 Rc3 57. Kg2 Rb3 1/2-1/2

[Event "*** Titled Tuesday 3|2 Blitz"]
[Site "Chess.com"]
[Date "2015.10.06"]
[Round "2"]
[White "Zvonokchess"]
[Black "JustKid"]
[Result "0-1"]
[WhiteElo "2520"]
[BlackElo "2145"]
[TimeControl "180+2"]
[EndTime "17:23:47 PDT"]
[Termination "JustKid won by checkmate"]

1. Nf3 d5 2. g3 c5 3. Bg2 Nc6 4.
d4 e6 5. O-O Nf6 6. c4 Be7 7.
Ne5 O-O 8. cxd5 exd5 9. e3 Be6 10. Nc3 c4 11. Nxc6 bxc6 12. Bd2 Rb8 13. b3 cxb3 14.
axb3 Qb6 15. Qe2 Bf5 16. h3 Qxb3 17. Rxa7 Bb4 18. Rc1 Ba3 19. Re1 Bb4 20. Na4 Bd3 21. Qd1 Bc2 22. Qc1 Ba3 23. Qa1 Ne4 24. Bxe4 Bxe4 25.
Nc5 Bxc5 26. dxc5 Qc2 27. Bc3 f6 28. Qa5 Bf3 29. Qc7 Qg6 30. Qxc6 Rb1 31. Qe6+ Kh8 32. Ra1 Rxe1+ 33. Bxe1 h5 34. c6 h4 35. c7 hxg3 36.
fxg3 Qc2 37. Bf2 Qxc7 38. Qf5 Be4 39. Qh5+ Kg8 40. Rd1 Rb8 41. Qg4 Rb2 42. Qe6+ Kh8 43. Qe8+ Kh7 44. Qh5+ Kg8 45. Ra1 Rb8 46. Qe2 Rc8 47.
Qd2 Qd7 48. Rd1 Qxh3 49. Be1 Qh1+ 50. Kf2 Qg2# 0-1

[Event "*** Titled Tuesday 3|2 Blitz"]
[Site "Chess.com"]
[Date "2015.10.06"]
[Round "2"]
[White "3f32"]
[Black "Goala"]
[Result "1-0"]
[WhiteElo "2278"]
[BlackElo "2145"]
[TimeControl "180+2"]
[EndTime "17:23:47 PDT"]
[Termination "3f32 won by resignation"]

1. d4 e6 2. c4 Nf6 3. g3 c5 4. d5 exd5 5. cxd5 d6 6. Nc3 g6 7. Bg2 Bg7 8. Nf3 O-O 9. O-O Nh5 10. Bg5 f6 11. Be3 f5 12. Bg5 Bf6 13. Bxf6 Qxf6 14. Qd2 a6 15. a4 Nd7 16. Rab1 f4 17. b4 fxg3 18. fxg3 cxb4 19. Rxb4 Nc5 20. Ng5 Qe7 21.
Rxf8+ Qxf8 22. g4 Nf6 23. Rf4 Qe7 24. Qd4 Nxg4 25. Nce4 Nxe4 26. Nxe4 Ne5 27. Rf6 Bf5 28. Rxd6 Rc8 29. h3 Bxe4 30. Re6 Qc5 31. Qxc5 Rxc5 32.
Bxe4 Nd7 33. d6 Nf8 34. Re7 Rc1+ 35. Kf2 Rd1 36. Bd3 Rc1 37. d7 Nxd7 38. Rxd7 Ra1 39. Bc4+ Kf8 40. Bb3 b5 41. axb5 axb5 42. Rxh7 Rb1 43.
Bd5 b4 44. Rb7 Rb2 45. Kf3 Rb1 46. Kf4 Rf1+ 47. Kg5 Re1 48. e4 Rh1 49. Kf6 Ke8 50. Be6 Kd8 51. Rxb4 1-0

[Event "*** Titled Tuesday 3|2 Blitz"]
[Site "Chess.com"]
[Date "2015.10.06"]
[Round "2"]
[White "Mornar1951"]
[Black "IM_Michal_Luch"]
[Result "1-0"]
[WhiteElo "2606"]
[BlackElo "2349"]
[TimeControl "180+2"]
[EndTime "17:23:59 PDT"]
[Termination "Mornar1951 won by resignation"]

1. Nf3 d5 2. d4 Nf6 3. c4 e6 4. g3 dxc4 5. Qa4+ Nbd7 6. Bg2 a6 7. Nc3 Rb8 8. Qxc4 b5 9. Qd3 Bb7 10. O-O c5 11. Bf4 Rc8 12. dxc5 Nxc5 13. Qxd8+ Rxd8 14. Rfd1 Rxd1+ 15. Rxd1 b4 16. Nb1 Nd5 17. Ne5 f6 18. Nc4 Nxf4 19. gxf4 Bxg2 20. Kxg2 Be7 21. Nd6+ Kf8 22. a3 bxa3 23. Nxa3 h5 24. Nac4 h4 25. b4 Nd7 26. Ra1 Nb8 27. b5 axb5 28. Ra8 Bxd6 29.
Nxd6 Ke7 30. Nxb5 Rd8 31. Kh3 Nc6 32. Rxd8 Nxd8 33. Kxh4 Kf7 34. Nd4 Nb7 35. Kg4 Nd6 36.
f5 exf5+ 37. Nxf5 Ne4 38. f3 Nc3 39. e4 Ne2 40. h4 g6 41. Ng3 Nd4 42. h5 gxh5+ 43. Nxh5 Ke6 44. Ng3 Nc6 45. Kf4 Nd4 46. Ke3 Nc2+ 47. Kd3 Ne1+ 48. Ke3 Nc2+ 49. Kf4 Nd4 50.
Nf5 Nxf5 51. exf5+ Kd5 52. Kg3 Kd4 53. Kh4 Ke5 54.
Kg4 Kd5 55. Kh5 Kd6 56. Kg6 Ke7 57. Kg7 1-0

[Event "*** Titled Tuesday 3|2 Blitz"]
[Site "Chess.com"]
[Date "2015.10.06"]
[Round "2"]
[White "Noukii"]
[Black "jcibarra"]
[Result "1-0"]
[WhiteElo "2554"]
[BlackElo "2483"]
[TimeControl "180+2"]
[EndTime "17:24:30 PDT"]
[Termination "Noukii won by resignation"]

1. d4 Nf6 2. c4 d6 3. Nc3 Bf5 4. Nf3 g6 5. Qb3 b6 6. Ng5 Bg7 7. e4 Bc8 8. e5 Ng4 9. h3 Nh6 10.
Bf4 Nc6 11. Rd1 O-O 12. Be2 Nf5 13. Nf3 dxe5 14. dxe5 Nfd4 15. Qa4 Bb7 16. Nd5 Nxe2 17.
Kxe2 Qb8 18. Rd2 a6 19. Rhd1 b5 20. Qa3 bxc4 21. Kf1 Re8 22. Bg3 Bh6 23. Rc2 a5 24. e6 Nb4 25. exf7+ Kxf7 26. Ne5+ Kg8 27. Qf3 Bxd5 28.
Rxd5 Rf8 29. Qe4 Nxc2 30. Qxc2 Qb7 31. Qxc4 Qa6 32. Rb5+ e6 33. Nc6 Bg7 34. a4 Kh8 35. b3 e5 36. Kg1 Rae8 37. Nxa5 e4 38. Rc5 Qb6 39. b4 e3 40. fxe3 Qf6 41. Bf4 Qa1+ 42.
Kh2 Qxa4 43. Nc6 Qd1 44. Ne5 Re7 45. Rxc7 Rxc7 46. Qxc7 Qd5 47. Qc6 Qd2 48. Qc4 g5 49. Nf7+ Rxf7 50. Qxf7 Qxb4 51. Qe8+ Qf8 52. Qxf8+ Bxf8 53. Bxg5 Kg7 54. g4 Kg6 55. Bf4 h5 56. Kg3 hxg4 57.
Kxg4 Kf6 58. h4 Bc5 59. h5 Bb6 60. e4 Bd4 61. Kf3 Ke6 62. Ke2 Bg7 63. Kd3 Bh8 64. Be3 Be5 65. Bd4 Bf4 66. Bg7 Kf7 67. h6 Kg6 68. Kd4 Bc1 69. Kd5 Bb2 70. Bxb2 1-0

[Event "*** Titled Tuesday 3|2 Blitz"]
[Site "Chess.com"]
[Date "2015.10.06"]
[Round "2"]
[White "jbj"]
[Black "StellarChessPro"]
[Result "1-0"]
[WhiteElo "2272"]
[BlackElo "2237"]
[TimeControl "180+2"]
[EndTime "17:24:47 PDT"]
[Termination "jbj won by resignation"]

1. e4 c6 2. d4 d5 3. Nc3 dxe4 4. Nxe4 Bf5 5. Ng3 Bg6 6. h4 h6 7. Nf3 Nd7 8. h5 Bh7 9. Bd3 Bxd3 10. Qxd3 e6 11. Bf4 Ngf6 12. O-O-O Qa5 13. Kb1 O-O-O 14.
c4 Be7 15. Qb3 Qb6 16. Qxb6 axb6 17. b3 Ng4 18. Rd2 Ndf6 19. Ne5 Nxe5 20. Bxe5 Rhg8 21. f3 Nd7 22. Bf4 Nf6 23. Kc2 Rd7 24. Kc3 Rgd8 25.
Rhd1 b5 26. Be5 bxc4 27. bxc4 b5 28. Bxf6 Bxf6 29. Ne2 Kc7 30. cxb5 cxb5 31. Kb4 Kb6 32. Nc3 Be7+ 33. Kb3 Bf6 34. Kb4 Be7+ 35. Kb3 b4 36. Na4+ Kb5 37. Nb2 Bf6 38. Nc4 Rxd4 39. Rxd4 Rxd4 40.
Rxd4 Bxd4 41. Nd6+ Kc6 42. Nxf7 Bc5 43. Kc4 Be7 44. Ne5+ Kb6 45. g4 Bd6 46. Nd3 Ka5 47. f4 Ka4 48. f5 exf5 49. gxf5 Ka3 50. Kb5 Kxa2 51. Nxb4+ Kb3 52. Nd5 Kc2 53. Kc6 Be5 54. Kd7 Kd3 55. Ke6 Ke4 56. Ne7 Ba1 57. Kf7 Kf4 58.
Kg6 Kg4 59. Nc6 Bc3 60. Nd8 Bb2 61. Ne6 Bc3 62. Nc5 Ba1 63. Ne4 Kh4 64. Nd2 Kg4 65.
Nc4 Kh4 66. Ne3 Bb2 67. Nd1 Ba1 68. Nf2 Kg3 69. Ne4+ Kh4 70. Nd6 Bb2 71. Ne8 Ba1 72. Nxg7 1-0

[Event "*** Titled Tuesday 3|2 Blitz"]
[Site "Chess.com"]
[Date "2015.10.06"]
[Round "2"]
[White "wonderfultime"]
[Black "simplerXiao"]
[Result "1/2-1/2"]
[WhiteElo "2639"]
[BlackElo "2440"]
[TimeControl "180+2"]
[EndTime "17:26:08 PDT"]
[Termination "Game drawn by agreement"]

1. d4 Nf6 2. c4 g6 3. Nc3 Bg7 4. e4 O-O 5. f3 d6 6. Be3 c6 7. Qd2 a6 8. a4 Nbd7 9. Bd3 h5 10.
Nge2 e5 11. O-O h4 12. Rad1 Nh5 13. Bc2 exd4 14. Bxd4 Ne5 15. b3 Qe7 16. f4 c5 17.
Nd5 Qd8 18. Bc3 Nc6 19. h3 Be6 20. Bxg7 Kxg7 21. Qc3+ Kg8 22. f5 Bxd5 23. exd5 Ne5 24. Qe3 Kg7 25. Nf4 Nxf4 26. Rxf4 Qg5 27. f6+ Kg8 28.
Qf2 Rae8 29. Rf1 Nd7 30. Rg4 Qe3 31. Bxg6 fxg6 32. Rxg6+ Kh8 33. Qxe3 Rxe3 34. Rf4 Nxf6 35. Rgxf6 Rxf6 36. Rxf6 Rxb3 37. Rxd6 Rb4 38. a5 Rxc4 39. Rd8+ Kg7 40. Rd7+ Kf6 41. Rxb7 Ke5 42. Rb6 Kxd5 43.
Rxa6 Rc1+ 44. Kf2 c4 45. Ra8 c3 46. a6 Ra1 47. a7 c2 48. Rc8 Rxa7 49. Rxc2 Rf7+ 50.
Ke3 Ke5 51. Rc4 Rh7 52. Rc5+ Kd6 53. Ra5 Ke6 54. Kf4 Rh8 55. Kg4 Kf6 56. Ra6+ Ke5 57. Rg6 Ke4 58. Rg5 Ke3 59. Rf5 Rg8+ 60. Rg5 Rh8 61. g3 hxg3 62. Kxg3 Ke4 63. h4 Ra8 64. Kg4 Ra1 65. Kh5 Kf4 66. Rb5 Ra8 67. Kg6 Ra6+ 68. Kh5 Ra8 69. Kg6 Ra6+ 70. Kg7 Ra7+ 71. Kf6 Ra6+ 72.
Kg7 Ra7+ 73. Kg6 Ra6+ 74. Kh5 Ra8 75. Rb6 Rh8+ 76. Rh6 Ra8 77. Rf6+ Ke5 78. Rf1 Rh8+ 79. Kg5 Rg8+ 80. Kh5 Rh8+ 81. Kg4 Rg8+ 82. Kh3 Rh8 83. Rf2 Ke4 84. Rf1 Ke5 85. Rf2 Ke4 86. Rf7 Ke5 87.
Kg4 Rg8+ 88. Kf3 Rh8 89. Rf4 Rh7 90. Ke3 Rh8 91. Kf3 Rh7 92. Ra4 Rh8 93. h5 Kf5 94.
Ra5+ Kf6 95. Kf4 Rb8 96. Ra6+ Kg7 97. Rg6+ Kh7 1/2-1/2

[Event "*** Titled Tuesday 3|2 Blitz"]
[Site "Chess.com"]
[Date "2015.10.06"]
[Round "3"]
[White "lorcho"]
[Black "Andnar"]
[Result "1-0"]
[WhiteElo "2614"]
[BlackElo "2249"]
[TimeControl "180+2"]
[EndTime "17:28:28 PDT"]
[Termination "lorcho won by resignation"]

1. e4 e5 2. Nf3 Nc6 3. Bb5 a6 4. Bxc6 dxc6 5. O-O Bg4 6. h3 h5 7. d3 Bc5 8. Be3 Bxe3 9. fxe3 Bxf3 10. Qxf3 Nf6 11.
Qg3 Qe7 12. Qxg7 O-O-O 13. Qxf6 Qc5 14. Nc3 Qxe3+ 15. Qf2 Qh6 16. Qa7 Rhg8 17. Rxf7 1-0

[Event "*** Titled Tuesday 3|2 Blitz"]
[Site "Chess.com"]
[Date "2015.10.06"]
[Round "3"]
[White "Boryboy"]
[Black "ltpnj"]
[Result "1-0"]
[WhiteElo "2451"]
[BlackElo "2327"]
[TimeControl "180+2"]
[EndTime "17:30:18 PDT"]
[Termination "Boryboy won by resignation"]

1. d4 d5 2. Nf3 Nf6 3. c4 dxc4 4. g3 c5 5. Qa4+ Nc6 6. dxc5 Qd5 7. Be3 Ne4 8. Nc3 Nxc3 9. bxc3 g6 10. Rd1 Qe6 11. Bg2 Bg7 12. Nd4 Bxd4 13. cxd4 1-0

[Event "*** Titled Tuesday 3|2 Blitz"]
[Site "Chess.com"]
[Date "2015.10.06"]
[Round "3"]
[White "Gabrinsky"]
[Black "ItalianMachine"]
[Result "1-0"]
[WhiteElo "2480"]
[BlackElo "2204"]
[TimeControl "180+2"]
[EndTime "17:30:48 PDT"]
[Termination "Gabrinsky won by resignation"]

1. e4 e5 2. Nf3 Nc6 3. d4 exd4 4. Bc4 d6 5. Nxd4 Nf6 6. Nc3 Be7 7. Be3 O-O 8. f3 Ne5 9. Be2 c6 10. Qd2 Qc7 11.
a4 Rd8 12. O-O d5 13. f4 Neg4 14. e5 Nxe3 15. Qxe3 Ng4 16. Qg3 Nh6 17. Kh1 Bc5 18. Nb3 Nf5 19. Qf3 Nd4 20. Nxd4 Bxd4 21. Bd3 Bxc3 22. bxc3 g6 23. f5 Qxe5 24. fxg6 fxg6 25. Qf7+ Kh8 26. Rae1 Qg7 27. Re8+ Rxe8 28. Qxe8+ 1-0

[Event "*** Titled Tuesday 3|2 Blitz"]
[Site "Chess.com"]
[Date "2015.10.06"]
[Round "3"]
[White "LyonBeast"]
[Black "jlandaw"]
[Result "1-0"]
[WhiteElo "2707"]
[BlackElo "2372"]
[TimeControl "180+2"]
[EndTime "17:31:32 PDT"]
[Termination "LyonBeast won by resignation"]

1. Nf3 Nf6 2. g3 d5 3. Bg2 g6 4.
O-O Bg7 5. d4 O-O 6. c4 c6 7. Qb3 Qb6 8. Nc3 dxc4 9. Qxc4 Nbd7 10. e4 Qc7 11. Bf4 Qa5 12. Rfe1 Nb6 13. Qd3 Be6 14. h3 Rad8 15. Qc2 Qh5 16. Ng5 h6 17. Nxe6 fxe6 18. e5 Nfd5 19. g4 Qh4 20. Bg3 Qg5 21. Ne4 1-0

[Event "*** Titled Tuesday 3|2 Blitz"]
[Site "Chess.com"]
[Date "2015.10.06"]
[Round "3"]
[White "Bab3s"]
[Black "Assasin14"]
[Result "1-0"]
[WhiteElo "2128"]
[BlackElo "1737"]
[TimeControl "180+2"]
[EndTime "17:31:55 PDT"]
[Termination "Bab3s won by checkmate"]

1. e4 c5 2. c3 d5 3. exd5 Qxd5 4. d4 Nf6 5. Nf3 Bg4 6. Nbd2 e6 7. Bc4 Qd7 8. Qb3 Nc6 9. Ne5 Qc7 10. O-O Nxe5 11. dxe5 Nd7 12. Bb5 a6 13. Qa4 Rd8 14. Bxd7+ Rxd7 15. Qxg4 Qxe5 16. Nf3 Qc7 17. Bf4 Qb6 18. Rad1 Rxd1 19.
Rxd1 Qxb2 20. Bg5 Be7 21. Bxe7 Kxe7 22. Qg5+ f6 23. Qxg7+ Ke8 24. Qxh8+ Kf7 25. Rd7+ Kg6 26. Qxh7# 1-0

[Event "*** Titled Tuesday 3|2 Blitz"]
[Site "Chess.com"]
[Date "2015.10.06"]
[Round "3"]
[White "IM_Michal_Luch"]
[Black "cheese111"]
[Result "1-0"]
[WhiteElo "2357"]
[BlackElo "2160"]
[TimeControl "180+2"]
[EndTime "17:32:15 PDT"]
[Termination "IM_Michal_Luch won by resignation"]

1. d4 Nf6 2. c4 g6 3. g3 Bg7 4. Bg2 O-O 5. Nc3 d6 6. Nf3 c6 7. O-O Qa5 8. e4 Bg4 9. h3 Bxf3 10. Bxf3 e5 11. Be3 Nbd7 12. Bg2 Rfe8 13. Re1 Rad8 14. a3 exd4 15. Bxd4 Nh5 16. Bxg7 Nxg7 17. b4 Qc7 18. f4 Nf6 19. Qd4 Nfh5 20. Qf2 b6 21. Rad1 Qe7 22. Kh2 Ne6 23. Bf3 Nf6 24. Rd2 c5 25. Nd5 1-0

[Event "*** Titled Tuesday 3|2 Blitz"]
[Site "Chess.com"]
[Date "2015.10.06"]
[Round "3"]
[White "JustKid"]
[Black "dsanchez1973"]
[Result "0-1"]
[WhiteElo "2133"]
[BlackElo "1965"]
[TimeControl "180+2"]
[EndTime "17:32:22 PDT"]
[Termination "dsanchez1973 won by resignation"]

1. Nf3 d5 2. g3 c6 3. Bg2 g6 4.
O-O Bg7 5. d3 Nf6 6. Nbd2 O-O 7.
e4 dxe4 8. dxe4 Bg4 9. c3 Nbd7 10. h3 Bxf3 11. Qxf3 Ne5 12. Qe2 Qd3 13. Qxd3 Nxd3 14.
Rd1 Rfd8 15. Bf1 Bh6 16. f4 Nh5 17. Kg2 e5 18. Kf3 exf4 19. g4 Ng3 20. b3 Ne5+ 21.
Kf2 g5 22. Ba3 Rd7 23. Bc5 Rad8 24. Bd4 Bg7 25. Be2 c5 26. Bxe5 Rxd2 27. Bxg7 Rxe2+ 28. Kf3 Rxd1 0-1

[Event "*** Titled Tuesday 3|2 Blitz"]
[Site "Chess.com"]
[Date "2015.10.06"]
[Round "3"]
[White "Penguininja"]
[Black "Makalexa"]
[Result "1/2-1/2"]
[WhiteElo "2153"]
[BlackElo "2044"]
[TimeControl "180+2"]
[EndTime "17:32:24 PDT"]
[Termination "Game drawn by agreement"]

1. d4 Nf6 2. Nf3 g6 3. c4 Bg7 4. Nc3 c5 5. e3 O-O 6. Be2 cxd4 7. Nxd4 Nc6 8. O-O d6 9. b3 Bd7 10. Bb2 Rc8 11. Qd2 a6 12. Rfd1 Qc7 13. Rac1 Ne5 14.
h3 Qb8 15. a4 Rc7 16. Nf3 Nxf3+ 17. Bxf3 Rfc8 18. g4 h6 19. Kg2 b5 20. axb5 axb5 21.
Nd5 Nxd5 22. cxd5 1/2-1/2

[Event "*** Titled Tuesday 3|2 Blitz"]
[Site "Chess.com"]
[Date "2015.10.06"]
[Round "3"]
[White "KyronGriffith"]
[Black "190l"]
[Result "1-0"]
[WhiteElo "2218"]
[BlackElo "1994"]
[TimeControl "180+2"]
[EndTime "17:32:26 PDT"]
[Termination "KyronGriffith won by resignation"]

1. d3 c5 2. Nf3 Nc6 3. g3 g6 4. Bg2 Bg7 5. Nbd2 Nf6 6. O-O O-O 7. Rb1 Rb8 8. a4 a6 9. e4 d6 10. c3 Bd7 11. Re1 b5 12. axb5 axb5 13. d4 cxd4 14.
cxd4 d5 15. e5 Ne8 16. Nb3 Bg4 17. Be3 f6 18. exf6 Nxf6 19. Nc5 Ne4 20. h3 Nxc5 21. dxc5 Bf5 22. Ra1 Bxb2 23. Ra6 Qd7 24. Bf4 Ra8 25.
Rxa8 Rxa8 26. Qb3 Bf6 27. Qxb5 Rd8 28. Ng5 e5 29. Bd2 Nd4 30. Qxd7 Rxd7 31. g4 Bc2 32. Ra1 h6 33. Nf3 Nxf3+ 34. Bxf3 Kg7 35. c6 Rc7 36. Bxd5 e4 37. Ra8 Be5 38. Ba5 1-0

[Event "*** Titled Tuesday 3|2 Blitz"]
[Site "Chess.com"]
[Date "2015.10.06"]
[Round "3"]
[White "Mornar1951"]
[Black "zmaj23"]
[Result "1-0"]
[WhiteElo "2609"]
[BlackElo "2314"]
[TimeControl "180+2"]
[EndTime "17:33:10 PDT"]
[Termination "Mornar1951 won by resignation"]

1. Nf3 c5 2. c4 g6 3. d4 cxd4 4. Nxd4 Nc6 5. e4 Bg7 6. Be3 d6 7. Nc3 Nf6 8. Be2 O-O 9. O-O Bd7 10. Qd2 a6 11. Rfd1 Rc8 12. Rac1 Ne5 13. b3 Neg4 14.
Bg5 h6 15. Bh4 g5 16. Bg3 Nh5 17. Nf5 Bxf5 18. exf5 Ngf6 19. Bf3 Nxg3 20. hxg3 Qd7 21. g4 Rcd8 22. g3 e6 23. Qd3 Rfe8 24. Kg2 exf5 25.
Qxf5 Qxf5 26. gxf5 g4 27. Bxb7 Re5 28. Bxa6 Rxf5 29.
Nd5 Nxd5 30. Rxd5 Rf6 31. c5 Ra8 32. c6 Rxa6 33. c7 Ra8 34. c8=Q+ Rxc8 35. Rxc8+ Kh7 36. Rd8 Re6 37. R8xd6 Re2 38. Rd2 1-0

[Event "*** Titled Tuesday 3|2 Blitz"]
[Site "Chess.com"]
[Date "2015.10.06"]
[Round "3"]
[White "StellarChessPro"]
[Black "chess960now"]
[Result "1-0"]
[WhiteElo "2240"]
[BlackElo "1963"]
[TimeControl "180+2"]
[EndTime "17:33:14 PDT"]
[Termination "StellarChessPro won by resignation"]

1. d4 d5 2. Nf3 Nf6 3. e3 c5 4.
Bd3 Qc7 5. c3 Nc6 6. O-O e5 7.
dxe5 Nxe5 8. Nxe5 Qxe5 9. Bb5+ Bd7 10. Bxd7+ Nxd7 11. Nd2 Bd6 12. Nf3 Qh5 13. c4 Nf6 14.
cxd5 O-O 15. h3 Rfd8 16. Re1 Nxd5 17. e4 Nb4 18. Qe2 Be7 19. a3 Nd3 20. Rd1 c4 21.
Be3 Bf6 22. Rab1 b5 23. Qc2 Qg6 24. Nd2 Be5 25. f3 Bf4 26. Nf1 Bxe3+ 27. Nxe3 Qb6 28. Qe2 Nf4 29. Qf2 Nd3 30. Qe2 Nf4 31. Rxd8+ Rxd8 32. Qf2 Nd3 33. Qe2 Nf4 34. Qf2 Rd3 35. Re1 Qd4 36.
Kh2 Rd2 37. Qg3 Ne2 38. Qb8+ Qd8 39. Qxd8+ Rxd8 40. Rxe2 1-0

[Event "*** Titled Tuesday 3|2 Blitz"]
[Site "Chess.com"]
[Date "2015.10.06"]
[Round "3"]
[White "Zvonokchess"]
[Black "spirals5"]
[Result "0-1"]
[WhiteElo "2505"]
[BlackElo "2167"]
[TimeControl "180+2"]
[EndTime "17:33:32 PDT"]
[Termination "spirals5 won by resignation"]

1. Nf3 d5 2. g3 Nf6 3. Bg2 g6 4. O-O Bg7 5. d4 O-O 6. c4 c6 7. cxd5 cxd5 8. Nc3 Nc6 9. Ne5 e6 10. Nxc6 bxc6 11. Na4 Nd7 12. Be3 Ba6 13. Rc1 Bb5 14.
Nc3 Qb6 15. Qd2 Rfc8 16. Nxb5 cxb5 17. b3 a5 18. a3 a4 19. Qb4 axb3 20. Qxb3 Qa6 21.
Rxc8+ Rxc8 22. Rb1 Bf8 23. Qxb5 Qxb5 24. Rxb5 Bxa3 25.
Rb7 Nf6 26. f3 Bc1 27. Bf2 Ne8 28. e4 dxe4 29. fxe4 Nd6 30. Rd7 Nc4 31. d5 exd5 32.
exd5 Be3 33. d6 Bxf2+ 34. Kxf2 Kf8 35. Rc7 Nxd6 36. Rd7 Ne8 37. Bd5 Rc7 38. Rd8 Re7 39. Bc6 f5 40. Kf3 Kf7 41. Bd5+ Kg7 42. h4 Nf6 43. Bc4 h6 44. Rc8 g5 45. hxg5 hxg5 46. Rc5 Kg6 47. Bd3 Ne4 48. g4 Nxc5 49. Bxf5+ Kf6 0-1

[Event "*** Titled Tuesday 3|2 Blitz"]
[Site "Chess.com"]
[Date "2015.10.06"]
[Round "3"]
[White "facu57"]
[Black "simplerXiao"]
[Result "1-0"]
[WhiteElo "2512"]
[BlackElo "2433"]
[TimeControl "180+2"]
[EndTime "17:33:36 PDT"]
[Termination "facu57 won by resignation"]

1. e4 c5 2. Nf3 e6 3. d4 cxd4 4. c3 d5 5. exd5 Qxd5 6. cxd4 Nf6 7. Nc3 Bb4 8. Bd3 O-O 9. O-O Bxc3 10. bxc3 b6 11.
Bg5 Ba6 12. Bxf6 gxf6 13. Bxa6 Nxa6 14. Qe2 b5 15. a4 Qc4 16. Qd2 bxa4 17. Qh6 Rad8 18.
Qxf6 Rd5 19. Ne5 Qxc3 20. Qg5+ Kh8 21. Qf6+ Kg8 22. Rfd1 Rxd4 23. Qg5+ Kh8 24. Qf6+ Kg8 25. Rdc1 Qd2 26. Nxf7 Rh4 27. Qxh4 Rxf7 28. Rc8+ Kg7 29. Qg3+ Kh6 30. h4 Qf4 31. Rxa4 Qf5 32. Rxa6 1-0

[Event "*** Titled Tuesday 3|2 Blitz"]
[Site "Chess.com"]
[Date "2015.10.06"]
[Round "3"]
[White "NMofPuppets"]
[Black "AlexanderL"]
[Result "0-1"]
[WhiteElo "2201"]
[BlackElo "2532"]
[TimeControl "180+2"]
[EndTime "17:33:43 PDT"]
[Termination "AlexanderL won on time"]

1. e4 e6 2. d4 d5 3. e5 c5 4.
c3 Nc6 5. Nf3 Bd7 6. Be2 cxd4 7.
cxd4 Nge7 8. a3 Nf5 9. Nc3 a6 10.
Be3 Qb6 11. b4 Rc8 12. Na4 Qa7 13. O-O b6 14. Rc1 Be7 15. Bd3 O-O 16. Bxf5 exf5 17. Ng5 f4 18. Bxf4 h6 19. Nf3 Bg4 20. Qd3 Bxf3 21. Qxf3 Nxd4 22. Qg4 Rxc1 23. Bxc1 Ne6 24. Bxh6 Rd8 25. Bd2 b5 26. Nc3 Qc7 27. Rc1 Qxe5 28. Ne2 d4 29. Bf4 Qe4 30. Qg3 Qxe2 0-1